 Dungeon Crawl Stone Soup version 0.26.1-11-gd32895ea62 (webtiles) character file.

Game seed: 7590188652300215061

74 adizb the Caller (level 4, -3/38 HPs)
             Began as a Naga Summoner on June 27, 2021.
             Was an Initiate of Cheibriados.
             Slain by a gnoll
             ... wielding a +0 halberd
              (17 damage)
             ... on level 3 of the Dungeon.
             The game lasted 00:15:25 (1793 turns).

adizb the Caller (Naga Summoner)                    Turns: 1793, Time: 00:15:26

Health: -3/38      AC:  2    Str: 12    XL:     4   Next: 30%
Magic:  1/7        EV: 10    Int: 17    God:    Cheibriados [......]
Gold:   137        SH:  0    Dex: 12    Spells: 4/7 levels left

rFire    . . .     SeeInvis +   h - +0 falchion
rCold    . . .     Faith    .   (no shield)
rNeg     . . .     Spirit   .   d - +0 leather armour
rPois    +         Reflect  .   (no helmet)
rElec    .         Harm     .   (no cloak)
rCorr    .         Rampage  .   (no gloves)
Will     .....                  (no barding)
Stlth    ++........             (no amulet)
HPRegen  0.12/turn              (no ring)
MPRegen  0.10/turn              (no ring)

@: short of breath, very slow
A: large, see invisible, deformed body, poison resistance, slowness 2, spit
poison 1, AC +1
a: Spit Poison, Renounce Religion, Bend Time


You were on level 3 of the Dungeon.
You worshipped Cheibriados.
Cheibriados was noncommittal.
You visited 1 branch of the dungeon, and saw 3 of its levels.

You collected 137 gold pieces.

Inventory:

Hand Weapons
 h - a +0 falchion (weapon)
Missiles
 g - a throwing net
Armour
 a - a +0 robe
 d - a +0 leather armour (worn)
 e - a +0 leather armour
Scrolls
 c - a scroll of immolation {unknown}
Potions
 b - a potion of heal wounds {unknown}
 f - a potion of resistance {unknown}
 j - a potion of curing


   Skills:
 + Level 1.0 Fighting
 - Level 0.5 Short Blades
 + Level 0.1(0.3) Long Blades
 + Level 2.0 Dodging
 + Level 3.5 Stealth
 + Level 2.3 Spellcasting
 * Level 4.7 Summonings


You had 4 spell levels left.
You knew the following spells:

 Your Spells              Type           Power        Failure   Level
a - Summon Small Mammal   Summ           72%          3%          1
b - Call Imp              Summ           18%          4%          2

Your spell library contained the following spells:

 Spells                   Type           Power        Failure   Level
 Call Canine Familiar     Summ           18%          10%         3
 Summon Guardian Golem    Hex/Summ       10%          26%         3
 Summon Ice Beast         Ice/Summ       10%          65%         4
 Summon Lightning Spire   Summ/Air       10%          65%         4


Dungeon Overview and Level Annotations

Branches:
Dungeon (3/15)

Altars:
Cheibriados
Elyvilon
Okawaru
Uskayaw
Xom
The Shining One


Innate Abilities, Weirdness & Mutations

You cannot wear boots.
Your serpentine skin is tough. (AC +1)
You have supernaturally acute eyesight. (SInv)
Armour fits poorly on your strangely shaped body.
Your system is resistant to poisons. (rPois)
You cover ground very slowly.
You can spit poison.


Message History

You feel better.
Press: ? - help, Shift-Dir - straight line, f - gnoll
Aim: a gnoll, wielding a +0 whip (lightly wounded) Really fire in your crimson imp's direction?
Okay, then.
Unknown command.
Press: ? - help, Shift-Dir - straight line, f/p - gnoll
Aim: a gnoll, wielding a +0 whip (lightly wounded) Really fire in your crimson imp's direction?
Uppercase [Y]es or [N]o only, please.
Really fire in your crimson imp's direction?
The splash of poison misses the gnoll. x2
The splash of poison hits your crimson imp.
Your crimson imp is poisoned.
Your crimson imp is lightly wounded.
Your crimson imp disappears in a puff of smoke!
The gnoll closely misses you.
A frilled lizard comes into view.
The gnoll hits you from afar with a +0 halberd!
You die...

###.###.## ###.#####
.....)...######.l.....#
......)g...g..........+
.#...###)######ยง...##.#
.........# #...###.#
.##..##..# #.### #.# oo
...# #g# #.# ###.#
#g#####.# ..# #@......#
### #.####### #.# #.#
#.########..
#...<.......
##########.#


You could see 2 gnolls and a frilled lizard.

Vanquished Creatures
  A gnoll (D:3)
  A worm (D:2)
  3 dart slugs
  An orc (D:3)
  3 bats (D:1)
  3 giant cockroaches
  2 goblins
  7 hobgoblins
  A ball python (D:2)
  3 frilled lizards
  3 kobolds (D:1)
  6 rats
34 creatures vanquished.

Vanquished Creatures (collateral kills)
  An adder (D:2)
  4 worms
  2 orcs (D:3)
7 creatures vanquished.

Grand Total: 41 creatures vanquished

Notes
Turn   | Place    | Note
-------+----------+-------------------------------------------
     0 | D:1      | adizb the Naga Summoner began the quest for the Orb.
     0 | D:1      | Reached XP level 1. HP: 15/15 MP: 3/3
   239 | D:1      | Reached XP level 2. HP: 22/22 MP: 5/5
   805 | D:1      | Reached XP level 3. HP: 30/30 MP: 6/6
  1127 | D:2      | Found a hide-covered altar of Uskayaw.
  1522 | D:2      | Learned a level 2 spell: Call Imp
  1542 | D:2      | Found a white marble altar of Elyvilon.
  1544 | D:2      | Found an iron altar of Okawaru.
  1544 | D:2      | Found a glowing golden altar of the Shining One.
  1556 | D:2      | Found a shimmering altar of Xom.
  1562 | D:2      | Found a snail-covered altar of Cheibriados.
  1570 | D:2      | Became a worshipper of Cheibriados the Contemplative
  1645 | D:2      | Reached XP level 4. HP: 26/37 MP: 2/7
  1789 | D:3      | Reached skill level 1 in Fighting
  1793 | D:3      | Slain by a gnoll

Illustrated notes

Levels and vault maps discovered:
D:1:      nicolae_arrival_somewhat_less_tricky_arrival, layout_loops_corners,
          minmay_misc_feat_tower
D:2:      layout_loops_ring, lemuel_round_altar, minmay_overflow_temple_star_hex
D:3:      layout_loops_corners, kennysheep_generic_room_14, uniq_ijyb

Skill      XL: |  1  2  3  4 |
---------------+-------------+-----
Dodging        | 2 |  2.0
Fighting       | 1 |  1.0
Short Blades   | |  0.5
Long Blades    | |  0.1
Stealth        | |  3.5
Spellcasting   | |  2.3
Summonings     | |  4.7

Action                   |  1- 3 |  4- 6 || total
-------------------------+-------+-------++-------
Melee: Club              |     2 |       ||     2
       Short sword       |    50 |       ||    50
       Unarmed           |     3 |       ||     3
       Falchion          |       |     7 ||     7
 Cast: Summon Small Mamm |     9 |       ||     9
       Call Imp          |     3 |     4 ||     7
 Abil: Spit Poison       |    35 |     4 ||    39
  Use: Scroll            |     2 |       ||     2
       Potion            |       |     1 ||     1
Armor: Leather armour    |    13 |       ||    13
Dodge: Dodged            |    32 |     6 ||    38
       Rpst.: Falchion   |       |     1 ||     1
